 Dungeon Crawl Stone Soup version 0.17-a0-2064-g265a032 (webtiles) character file.

2166 Impoz the Shield-Bearer (level 9, -9/58 HPs)
             Began as a Gargoyle Fighter on Oct 9, 2015.
             Was an Initiate of Qazlal.
             Killed by divine providence
             ... invoked by an orc priest
              (15 damage)
             ... on level 6 of the Dungeon on Oct 13, 2015.
             The game lasted 00:29:37 (4622 turns).

Impoz the Shield-Bearer (Gargoyle Fighter)          Turns: 4622, Time: 00:29:38

Health: -9/58      AC: 14    Str: 21      XL:     9   Next: 32%
Magic:  9/9        EV:  8    Int:  8      God:    Qazlal [......]
Gold:   82         SH: 11    Dex: 11 (12) Spells: 0 memorised, 8 levels left

rFire  . . .     SeeInvis .     l - +0 mace (holy)
rCold  . . .     Clarity  .     b - +0 scale mail
rNeg   + . .     SustAt   .     c - +0 shield
rPois  ∞         Gourm    .     (no helmet)
rElec  +         Spirit   .     (no cloak)
rCorr  .         Warding  .     (no gloves)
rMut   .         Stasis   .     s - +0 pair of boots
MR     .....                    (no amulet)
Stlth  ..........               (no ring)
                                (no ring)

@: not resistant to hostile enchantments, extremely unstealthy
A: negative energy resistance 1, electricity resistance, unbreathing,
petrification resistance, rot immunity, AC +5
a: Renounce Religion


You were on level 6 of the Dungeon.
You worshipped Qazlal.
Qazlal was noncommittal.
You were very hungry.

You visited 2 branches of the dungeon, and saw 7 of its levels.

You collected 183 gold pieces.
You spent 101 gold pieces at shops.

Inventory:

Hand Weapons
 a - a +0 flail
 l - a +0 mace of holy wrath (weapon)
Missiles
 w - 3 javelins (quivered)
Armour
 b - a +0 scale mail (worn)
 c - a +0 shield (worn)
 s - a +0 pair of boots (worn)
Wands
 p - a wand of enslavement (9)
Scrolls
 d - 6 scrolls of remove curse
 g - 2 scrolls of teleportation
 h - 3 scrolls of identify
 j - 2 scrolls of blinking {unknown}
 r - a scroll of enchant armour {unknown}
 u - a scroll of silence {unknown}
 x - 3 scrolls of magic mapping {unknown}
 y - a scroll of noise {unknown}
 z - a scroll of recharging {unknown}
Potions
 i - a potion of agility
 k - a potion of invisibility {unknown}
 n - 2 potions of heal wounds {unknown}
 o - 2 potions of haste
 t - a potion of flight
 v - a potion of brilliance {unknown}
 A - a potion of curing
Comestibles
 e - 3 bread rations
 f - 3 meat rations
 m - 8 fruits
 q - 2 beef jerkies


   Skills:
 + Level 7.7 Fighting
 + Level 6.5 Maces & Flails
 - Level 6.0 Armour
 + Level 7.9 Shields


You had 8 spell levels left.
You didn't know any spells.

Dungeon Overview and Level Annotations

Branches:
Dungeon (6/15)             Temple (1/1) D:5

Altars:
Ashenzari
Fedhas
Kikubaaqudgha
Makhleb
Nemelex Xobeh
Okawaru
Qazlal
Sif Muna
Vehumet
Xom
Yredelemnul
The Shining One

Shops:
D:4 *

Annotations:
D:4 Grinder


Innate Abilities, Weirdness & Mutations

You are resistant to torment.
Your stone body is resilient (AC +5).
You are immune to poison.
You resist negative energy.
You are resistant to electric shocks.
You can survive without breathing.
You are immune to petrification.
You are immune to rotting.


Message History

* * * LOW HITPOINT WARNING * * *
Eat which item? (? for menu, Esc to quit)
Okay, then.
Read which item? (? for menu, Esc to quit)
As you read the scroll of teleportation, it crumbles to dust.
You feel strangely unstable.
Drink which item? (? for menu, Esc to quit)
It was a potion of curing.
You feel better.
The orc warrior hits you but does no damage.
The orc priest mumbles some strange prayers to Beogh against you.
Something smites you!
* * * LOW HITPOINT WARNING * * *
Your surroundings suddenly seem different.
An orc comes into view. It is wielding a war axe.
The orc shouts!
An orc priest comes into view. It is wielding a short sword.
The orc priest shouts!
The orc priest invokes the aid of Beogh against you.
Something smites you!
You die...

#...##.#
#.#.##.#
#...##.#
##.###.#
#.###.#######
#...........#
#.####.####>>
#.# #.#
#######(###
#.# #.#
#..@.......
#.# #.#
#.##....#..
#.# #.# #
.#### #.# #.#
. .#
#.####.##....
..
#.##......#
o# #......#
.. ........#
.o
#.##......#


You could see an orc priest and an orc.

Vanquished Creatures
  The ghost of Lysie the Nimble, a novice SpEn of Okawaru (D:5)
  Sigmund (D:5)
  Eustachio (D:4)
  Menkaure (D:4)
  Duvessa (D:5)
  The ghost of gshimself the Ruffian, an amateur TrBe of Trog (D:3)
  An ice beast (D:4)
  A phantom (D:4)
  A centaur (D:5)
  A giant frog (D:5)
  A scorpion (D:4)
  Dowan (D:5)
  2 crimson imps
  A jelly (D:5)
  2 hounds
  A quasit (D:5)
  An orc priest (D:4)
  A giant frog skeleton (D:5)
  Jessica (D:2)
  6 worker ants
  An iguana (D:4)
  2 orc wizards (D:5)
  Robin (D:2)
  9 adders
  7 gnolls
  An ooze (D:3)
  An adder skeleton (D:4)
  A worm (D:2)
  3 giant geckos
  12 orcs
  6 giant cockroaches
  17 goblins
  9 hobgoblins
  5 jackals (D:2)
  9 kobolds
  A quokka (D:4)
  8 bats
  7 giant newts
  7 rats
134 creatures vanquished.

Vanquished Creatures (others)
  2 plants (D:4)
2 creatures vanquished.

Grand Total: 136 creatures vanquished

Notes
Turn   | Place    | Note
--------------------------------------------------------------
     0 | D:1      | Impoz the Gargoyle Fighter began the quest for the Orb.
     0 | D:1      | Reached XP level 1. HP: 14/14 MP: 1/1
    52 | D:1      | Reached XP level 2. HP: 17/19 MP: 2/2
   251 | D:1      | Reached XP level 3. HP: 21/24 MP: 3/3
   566 | D:2      | Reached skill level 4 in Shields
   608 | D:2      | Upgraded the game from 0.17-a0-2007-g96ac4c4 to 0.17-a0-2064-g265a032
   912 | D:2      | Reached XP level 4. HP: 27/29 MP: 4/4
   942 | D:2      | Noticed Robin
  1001 | D:2      | Killed Robin
  1175 | D:2      | Reached XP level 5. HP: 23/34 MP: 5/5
  1235 | D:2      | Noticed Jessica
  1241 | D:2      | Killed Jessica
  1501 | D:3      | Reached XP level 6. HP: 17/40 MP: 6/6
  1865 | D:3      | Noticed gshimself's ghost (amateur TrBe)
  1875 | D:3      | Killed gshimself's ghost
  1875 | D:3      | Reached skill level 5 in Fighting
  2027 | D:3      | Found a deep blue altar of Sif Muna.
  2175 | D:3      | Reached skill level 5 in Shields
  2349 | D:4      | Reached skill level 5 in Armour
  2349 | D:4      | Reached XP level 7. HP: 31/44 MP: 7/7
  2495 | D:4      | Noticed Grinder
  2496 | D:4      | Paralysed by Grinder for 5 turns
  2688 | D:4      | Found Pamnoidd's Assorted Antiques.
  2706 | D:4      | Bought a scroll labeled DESAIGYHERCH for 26 gold pieces
  2706 | D:4      | Bought a scroll labeled RAWKUBIDGHU for 26 gold pieces
  2706 | D:4      | Bought a scroll labeled DESAIGYHERCH for 26 gold pieces
  2710 | D:4      | Bought a glowing orange potion for 23 gold pieces
  2735 | D:4      | Noticed Eustachio
  2790 | D:4      | Killed Eustachio
  2830 | D:4      | Found a blossoming altar of Fedhas.
  2830 | D:4      | Found an ancient bone altar of Kikubaaqudgha.
  2862 | D:4      | Reached skill level 6 in Shields
  2884 | D:4      | Noticed Menkaure
  2889 | D:4      | Killed Menkaure
  2889 | D:4      | Reached XP level 8. HP: 33/51 MP: 8/8
  3043 | D:5      | Entered Level 5 of the Dungeon
  3121 | D:5      | Found a staircase to the Ecumenical Temple.
  3179 | D:5      | Reached skill level 5 in Maces & Flails
  3209 | Temple   | Entered the Ecumenical Temple
  3325 | Temple   | Became a worshipper of Qazlal Stormbringer
  3471 | D:5      | Noticed Dowan
  3538 | D:5      | Killed Dowan
  3562 | D:5      | Noticed Duvessa
  3580 | D:5      | Noticed Lysie's ghost (novice SpEn)
  3888 | D:5      | Noticed Sigmund
  3904 | D:5      | Killed Sigmund
  3966 | D:5      | Found a sparkling altar of Nemelex Xobeh.
  4079 | D:5      | Killed Lysie's ghost
  4079 | D:5      | Reached skill level 7 in Fighting
  4079 | D:5      | Reached XP level 9. HP: 30/57 MP: 9/9
  4382 | D:5      | Killed Duvessa
  4622 | D:6      | Killed from afar by an orc priest

Vault maps used:
D:1:      dpeg_arrival_rooms_a
D:2:      serial_glass, glass_columns_b, glass_columns_c, glass_columns_a,
          glass_columns_c, glass_columns_a, glass_columns_b, minivault_25,
          uniq_robin, uniq_jessica
D:3:      led_sif_pool
D:4:      grunt_temple_overflow_growth_and_decay, serial_shops, shop_statue,
          first_bread, uniq_menkaure, uniq_eustachio, uniq_grinder
D:5:      nemelex_xobeh_ov_fountains_minmay, minmay_temple_entry_overgrown,
          uniq_sigmund, uniq_duvessa
D:6:      elyvilon_altar_4, hangedman_decor_growths, minmay_misc_feat_alley
Temple:   minmay_temple_bridge_a_8

Action                   |  1- 3 |  4- 6 |  7- 9 || total
-------------------------+-------+-------+-------++-------
Melee: Flail             |   117 |       |       ||   117
       Mace              |    26 |   254 |   375 ||   655
Throw: Javelin           |       |       |     4 ||     4
  Use: Potion            |       |     1 |     3 ||     4
       Scroll            |       |       |     4 ||     4
  Eat: Chunk             |       |     5 |     6 ||    11
       Fruit             |       |       |     2 ||     2
